 Dungeon Crawl Stone Soup version 0.28.0-53-g5a82cb258f (webtiles) character file.

Game seed: 17124436257494253026

2122 Zeld the Magician (level 9, -6/64 HPs)
             Began as a Green Draconian Transmuter on June 3, 2022.
             Was an Initiate of Gozag.
             Mangled by an orc knight
             ... wielding a +0 glaive
              (14 damage)
             ... in a bailey.
             The game lasted 00:10:33 (13331 turns).

Zeld the Magician (Green Draconian Transmuter)     Turns: 13331, Time: 00:10:34

Health: -6/64      AC:  8    Str: 20    XL:     9   Next: 8%
Magic:  7/20       EV: 28    Int: 14    God:    Gozag
Gold:   376        SH:  0    Dex: 11    Spells: 9/23 levels left

rFire   . . .      SeeInvis .   y - +7 broad axe of Inflation {spect, Str+3}
rCold   . . .      Faith    .   (no shield)
rNeg    . . .      Spirit   .   (armour unavailable)
rPois   +          Reflect  .   (helmet restricted)
rElec   .          Harm     .   h - +0 cloak
rCorr   .          Rampage  .   (no gloves)
Will    .....                   (no boots)
Stlth   +.........              s - amulet of the acrobat
HPRegen 0.20/turn               (no ring)
MPRegen 0.17/turn               (no ring)

@: short of breath, acrobatic, very slow
A: breathe noxious fumes, AC +7, unfitting armour, poison resistance,
cold-blooded
a: Breathe Noxious Fumes, Renounce Religion, Potion Petition, Call Merchant,
Bribe Branch


You were in a bailey.
You worshipped Gozag.
Gozag was aware of your devotion.
You visited 2 branches of the dungeon, and saw 9 of its levels.
You also visited: Bailey.

You collected 499 gold pieces.
You paid 123 gold pieces to Gozag.

Inventory:

Hand Weapons
 y - the +7 broad axe of Inflation (weapon) {spect, Str+3}
   (You found it on level 7 of the Dungeon)

   When its wielder attacks, the weapon's spirit leaps out and strikes again.
   The spirit shares a part of any damage it takes with its wielder.
   Str:       It affects your strength (+3).
Armour
 h - a +0 cloak (worn)
Jewellery
 d - a ring of protection from cold
 s - an amulet of the acrobat (around neck)
Wands
 t - a wand of acid (8)
 v - a wand of iceblast (4)
Scrolls
 a - a scroll of teleportation
 e - a scroll of brand weapon
 o - a scroll of enchant weapon
 p - a scroll of magic mapping {unknown}
 r - a scroll of holy word {unknown}
 u - a scroll of amnesia {unknown}
 w - a scroll of blinking {unknown}
 x - a scroll of noise {unknown}
Potions
 c - a potion of curing
 f - a potion of brilliance {unknown}
 g - 3 potions of lignification {unknown}
 i - a potion of flight {unknown}
 j - 2 potions of invisibility {unknown}
 k - 2 potions of degeneration {unknown}
 l - 2 potions of might {unknown}
 n - a potion of resistance {unknown}
 q - 2 potions of heal wounds {unknown}
 z - a potion of attraction {unknown}


   Skills:
 - Level 1.1 Fighting
 - Level 4.0 Dodging
 + Level 3.3 Stealth
 - Level 3.0 Unarmed Combat
 * Level 7.5 Spellcasting
 + Level 5.8 Transmutations
 - Level 2.0 Ice Magic
 * Level 4.5 Poison Magic


You had 9 spell levels left.
You knew the following spells:

 Your Spells              Type           Power      Damage    Failure   Level
a - Beastly Appendage     Tmut           42%        N/A       1%          1
b - Wereblood             Tmut           21%        N/A       1%          2
c - Spider Form           Tmut/Pois      19%        N/A       4%          3
d - Ice Form              Ice/Tmut       16%        N/A       26%         4
e - Olgreb's Toxic Radia  Pois           17%        N/A       22%         4

Your spell library contained the following spells:

 Spells                   Type           Power      Damage    Failure   Level
 Shock                    Conj/Air       20%        1d4       14%         1
 Slow                     Hex            20%        N/A       14%         1
 Call Canine Familiar     Summ           5%         N/A       38%         3
 Confusing Touch          Hex            5%         N/A       38%         3
 Portal Projectile        Hex/Tloc       10%        N/A       38%         3
 Swiftness                Air            5%         N/A       38%         3
 Vampiric Draining        Necr           5%         2d6       38%         3
 Hailstorm                Conj/Ice       8%         3d4       65%         4
 Airstrike                Air            2%         N/A       80%         4
 Leda's Liquefaction      Hex/Erth       2%         N/A       80%         4
 Simulacrum               Ice/Necr       4%         N/A       100%        6
 Ozocubu's Refrigeration  Ice            5%         4d6       100%        7
 Ignition                 Fire           2%         3d3       100%        8


Dungeon Overview and Level Annotations

Branches:
Dungeon (8/15)             Temple (1/1) D:7          Bailey (1/1)
   Lair: D:8-11

Altars:
Ashenzari
Cheibriados
Dithmenos
Elyvilon
Fedhas
Gozag
Hepliaklqana
Kikubaaqudgha
Makhleb
Nemelex Xobeh
Okawaru
Qazlal
Ru
Sif Muna
Trog
Uskayaw
Vehumet
Wu Jian
Xom
Yredelemnul
Zin
The Shining One

Shops:
D:2 [   D:7 :

Annotations:
D:6 2 runed translucent doors, SuperSeabass's ghost, novice DEFE


Innate Abilities, Weirdness & Mutations

You can breathe blasts of noxious fumes.
Your lurid green scales are hard. (AC +7)
You cannot fit into any form of body armour.
Your system is resistant to poisons. (rPois)
You are cold-blooded and may be slowed by cold attacks.


Message History

Aiming: Corrosive Bolt
Press: ? - help, Shift-Dir - straight line, f/p - orc knight
Aim: an orc knight, wielding a +0 glaive and wearing a +0 chain mail (moderately wounded, 68% to hit)
The bolt of acid hits the orc knight!
The acid corrodes the orc knight!
The orc knight is heavily wounded.
The orc knight hits you from afar with a +0 glaive.
Unknown command.
Aiming: Corrosive Bolt
Press: ? - help, Shift-Dir - straight line, f/p - orc knight
Aim: an orc knight, wielding a +0 glaive and wearing a +0 chain mail (heavily wounded, covered in acid, 68% to hit)
The bolt of acid hits the orc knight.
The orc knight is heavily wounded.
The orc knight barely misses you.
Aiming: Corrosive Bolt
Press: ? - help, Shift-Dir - straight line, f/p - orc knight
Aim: an orc knight, wielding a +0 glaive and wearing a +0 chain mail (heavily wounded, covered in acid, 68% to hit)
The bolt of acid hits the orc knight!
The orc knight is severely wounded.
The orc knight closely misses you.
Unknown command.
Aiming: Corrosive Bolt
Press: ? - help, Shift-Dir - straight line, f/p - orc knight
Aim: an orc knight, wielding a +0 glaive and wearing a +0 chain mail (severely wounded, covered in acid, 68% to hit)
The bolt of acid hits the orc knight!
The orc knight seems to be corroded for longer.
The orc knight is almost dead.
The orc knight misses you.
Unknown command.
Aiming: Corrosive Bolt
Press: ? - help, Shift-Dir - straight line, f/p - orc knight
Aim: an orc knight, wielding a +0 glaive and wearing a +0 chain mail (almost dead, covered in acid, 68% to hit)
The bolt of acid misses the orc knight.
The orc knight hits you from afar with a +0 glaive!!
* * * LOW HITPOINT WARNING * * *
Unknown command.
You enter the shallow water.
Moving in this stuff is going to be slow.
The orc knight hits you from afar with a +0 glaive!
You die...
Your body crumbles into a pile of gold.

..........#
≈≈≈≈≈≈≈≈≈.#
........).#
########)≈.#
#.$$$.##.).# §§§≈≈≈
.$.##..≈.# .....§
#.##..≈≈.# ..§§..
#..≈≈.∩# .⌠∩⌠..
#..≈@.## o....§
##..≈≈.# §≈≈≈≈≈
##.o≈.# ......
##.≈.#
##+#############.≈.#
.....##..))......≈.#
#.∩.##..≈≈≈≈≈≈≈≈≈≈.#
## ##..≈≈..........#
.###..≈≈..##########


You could see an orc knight (corroded).

Vanquished Creatures
  An orc knight (Bailey)
  A shadow (D:6)
  A wyvern (D:7)
  Edmund (D:5)
  An ice beast (D:6)
  3 orc warriors
  A gnoll sergeant (D:6)
  2 scorpions
  A water moccasin skeleton (D:6)
  A howler monkey (D:5)
  A centaur zombie (D:5)
  2 bullfrog zombies (D:5)
  3 jellies
  An orc priest (D:7)
  Crazy Yiuf (D:2)
  2 bullfrog skeletons
  A hound (D:7)
  Terence (D:2)
  A killer bee zombie (D:7)
  A howler monkey zombie (D:5)
  6 adders
  5 gnolls
  A howler monkey skeleton (D:7)
  A shadow imp (D:7)
  7 worms
  2 dart slugs
  23 orcs
  3 endoplasms
  2 giant cockroaches
  14 goblins
  7 hobgoblins
  A quokka (D:1)
  6 ball pythons
  7 bats
  2 frilled lizards
  5 kobolds
  7 rats
126 creatures vanquished.

Vanquished Creatures (others)
  2 withered plants (D:5)
2 creatures vanquished.

Grand Total: 128 creatures vanquished

Notes
Turn   | Place    | Note
-------+----------+-------------------------------------------
     0 | D:1      | Zeld the Draconian Transmuter began the quest for the Orb.
     0 | D:1      | Reached XP level 1. HP: 16/16 MP: 3/3
   197 | D:1      | Found a faded altar of an unknown god.
   431 | D:1      | Reached XP level 2. HP: 23/23 MP: 5/5
   434 | D:1      | Learned a level 2 spell: Wereblood
   764 | D:1      | Reached skill level 1 in Poison Magic
  1340 | D:2      | Found Vaupaos's Armour Emporium.
  1363 | D:2      | Reached skill level 1 in Ice Magic
  1570 | D:2      | Reached XP level 3. HP: 20/28 MP: 6/6
  1576 | D:2      | Learned a level 3 spell: Spider Form
  2273 | D:2      | Found a runed translucent door.
  2276 | D:2      | Noticed Crazy Yiuf
  2751 | D:2      | Noticed Terence
  2764 | D:2      | Killed Terence
  2765 | D:2      | Reached XP level 4. HP: 14/35 MP: 3/7
  3046 | D:2      | Killed Crazy Yiuf
  3947 | D:3      | Reached skill level 3 in Spellcasting
  4579 | D:3      | Reached XP level 5. HP: 40/40 MP: 7/9
  4590 | D:3      | Learned a level 4 spell: Ice Form
  6732 | D:5      | Entered Level 5 of the Dungeon
  6988 | D:5      | Reached XP level 6. HP: 47/47 MP: 9/11
  7150 | D:5      | Reached skill level 4 in Spellcasting
  7958 | D:6      | Noticed Edmund
  7958 | D:6      | Noticed an ice beast
  8279 | D:6      | Noticed a shadow
  8682 | D:6      | Killed a shadow
  8683 | D:6      | Your scales start taking on a lurid green colour.
  8683 | D:6      | Reached XP level 7. HP: 41/52 MP: 9/14
  8683 | D:6      | Gained mutation: Your system is resistant to poisons.
                  | (rPois) [Green Draconian growth]
  8739 | D:6      | Reached skill level 5 in Spellcasting
  8781 | D:6      | Found a bloodstained altar of Trog.
  9067 | D:5      | Killed Edmund
 10784 | D:6      | Found a runed translucent door.
 10800 | D:6      | Reached skill level 6 in Spellcasting
 10975 | D:6      | Reached XP level 8. HP: 49/59 MP: 11/17
 11132 | D:6      | Found a runed translucent door.
 11294 | D:6      | Noticed SuperSeabass's ghost (novice DEFE)
 11461 | D:7      | Reached skill level 1 in Stealth
 11585 | D:7      | Reached skill level 5 in Transmutations
 11636 | D:7      | Found Opibeche's Self-Improvement Boutique.
 11987 | D:7      | Found a staircase to the Ecumenical Temple.
 12032 | D:7      | Identified the +7 broad axe of Inflation {spect, Str+3}
 12074 | Temple   | Entered the Ecumenical Temple
 12218 | Temple   | Became a worshipper of Gozag Ym Sagoz the Greedy
 12760 | D:8      | Found a flagged portal.
 12786 | D:8      | Learned a level 4 spell: Olgreb's Toxic Radiance
 12789 | Bailey   | Entered a bailey
 12858 | Bailey   | Reached skill level 7 in Spellcasting
 13279 | Bailey   | Noticed an orc knight
 13279 | Bailey   | Noticed an orc knight
 13318 | Bailey   | Killed an orc knight
 13319 | Bailey   | Reached XP level 9. HP: 34/64 MP: 4/20
 13331 | Bailey   | Mangled by an orc knight

Illustrated notes

Levels and vault maps discovered:
D:1:      dpeg_arrival_round_c, layout_basic,
          shapermc_ecumenical_altar_totnotflames
D:2:      layout_basic, serial_shops, shop, grunt_decor_junction,
          uniq_crazy_yiuf_cottage, uniq_terence
D:3:      layout_basic, st_stairs_2, minmay_misc_feat_four_crosses,
          grunt_ministairs_11, minmay_misc_feat_square
D:4:      layout_basic, nicolae_wormholes
D:5:      layout_basic, serial_undead, serial_undead_e, serial_undead_e,
          serial_undead_d, serial_undead_d
D:6:      layout_cave_pools, old_standard_altar, serial_column_ruins,
          column_ruins_grid_3, column_ruins_grid_1,
          column_ruins_columns_straight, column_ruins_columns_T,
          ebering_ghost_sewer_f, chequers_serial_rivers_micro_a,
          hangedman_glass_garden, uniq_edmund
D:7:      layout_loops_ring, temple_statues, nicolae_shop_self_help
D:8:      layout_cave_pools, enter_bailey_5
Temple:   mainiacjoe_temple_archimedes_tessellation
Bailey:   bailey_polearm_1, bailey

Skill      XL: |  1  2  3  4  5  6  7  8 |
---------------+-------------------------+-----
Poison Magic   | 1 2 4 |  4.5
Dodging        | 2 3 4 |  4.0
Ice Magic      | 1 2 |  2.0
Spellcasting   | 3 4 6 7 |  7.5
Transmutations | 3 4 5 |  5.8
Stealth        | 3 |  3.3
Fighting       | |  1.1
Unarmed Combat | |  3.0

Action                   |  1- 3 |  4- 6 |  7- 9 || total
-------------------------+-------+-------+-------++-------
Melee: Unarmed           |   124 |   135 |   116 ||   375
       Headbutt          |     9 |    18 |     4 ||    31
       Tailslap          |    14 |    14 |     6 ||    34
       Kick              |    16 |    25 |     6 ||    47
       Punch             |     1 |     6 |     1 ||     8
       Broad axe         |       |       |    22 ||    22
 Cast: Beastly Appendage |    30 |    30 |     4 ||    64
       Wereblood         |     1 |       |       ||     1
       Spider Form       |     2 |     6 |    14 ||    22
       Ice Form          |       |     2 |     4 ||     6
       Olgreb's Toxic Ra |       |       |     3 ||     3
 Abil: Breathe Noxious F |       |       |     4 ||     4
Evoke: Wand              |       |       |     5 ||     5
  Use: Scroll            |       |       |     4 ||     4
 Stab: Sleeping          |       |       |     1 ||     1
Armor: Skin              |    47 |    39 |    42 ||   128
Dodge: Dodged            |    96 |    85 |   160 ||   341
